 Dungeon Crawl Stone Soup version 0.29-a0-333-gb4c28e87c6 (webtiles) character file.

Game seed: 2834178982527806366

203 GordonOverkill the Archer (level 5, -6/29 HPs)
             Began as a Deep Elf Hunter on Apr 13, 2022.
             Was an Initiate of Gozag.
             Mangled by a black bear (9 damage)
             ... on level 3 of the Dungeon.
             The game lasted 00:04:13 (2440 turns).

GordonOverkill the Archer (Deep Elf Hunter)         Turns: 2440, Time: 00:04:13

Health: -6/29      AC:  6    Str: 10    XL:     5   Next: 51%
Magic:  7/7        EV: 11    Int: 14    God:    Gozag
Gold:   279        SH:  0    Dex: 18    Spells: 4/4 levels left

rFire   . . .      SeeInvis .   a - +1 shortbow
rCold   . . .      Faith    .   (shield currently unavailable)
rNeg    . . .      Spirit   .   e - +0 ring mail
rPois   .          Reflect  .   (no helmet)
rElec   .          Harm     .   (no cloak)
rCorr   .          Rampage  .   (no gloves)
Will    .....                   n - +0 pair of boots
Stlth   +.........              (no amulet)
HPRegen 0.09/turn               (no ring)
MPRegen 0.10/turn               (no ring)

@: no status effects
A: no striking features
a: Renounce Religion, Potion Petition, Call Merchant, Bribe Branch


You were on level 3 of the Dungeon.
You worshipped Gozag.
Gozag was aware of your devotion.
You visited 1 branch of the dungeon, and saw 3 of its levels.

You collected 301 gold pieces.
You paid 22 gold pieces to Gozag.

Inventory:

Hand Weapons
 a - a +1 shortbow (weapon)
Armour
 e - a +0 ring mail (worn)
 n - a +0 pair of boots (worn)
Jewellery
 d - a ring of fire
Scrolls
 b - a scroll of silence {unknown}
 c - a scroll of immolation
 j - 2 scrolls of identify {unknown}
 l - 2 scrolls of enchant weapon {unknown}
 m - a scroll of enchant armour {unknown}
 o - 3 scrolls of teleportation {unknown}
Potions
 f - a potion of berserk rage {unknown}
 g - a potion of curing {unknown}
 h - a potion of magic {unknown}
 i - a potion of resistance {unknown}
 k - a potion of heal wounds {unknown}


   Skills:
 - Level 1.5 Fighting
 + Level 9.1 Bows
 - Level 2.4 Dodging
 - Level 1.2 Stealth


You had 4 spell levels left.
You didn't know any spells.
Your spell library was empty.

Dungeon Overview and Level Annotations

Branches:
Dungeon (3/15)

Altars:
Gozag


Message History

The black bear closely misses you. x2
You are too injured to fight recklessly!
You are too injured to fight recklessly!
Shoot: a) +1 shortbow
Press: ? - help, Q - select action, (/) - cycle Shift-Dir - straight line, f/p - black bear
Aim: a black bear (almost dead, berserk, 72% to hit)
You shoot an arrow. The arrow barely misses the black bear.
The black bear misses you. The black bear closely misses you.
The black bear claws you.
* * * LOW HITPOINT WARNING * * *
The hobgoblin misses you. The black bear bites you.
* * * LOW HITPOINT WARNING * * *
The black bear claws you but does no damage.
The black bear claws you.
* * * LOW HITPOINT WARNING * * *
Shoot: a) +1 shortbow
Press: ? - help, Q - select action, (/) - cycle Shift-Dir - straight line, f/p - black bear
Aim: a black bear (almost dead, berserk, 72% to hit)
You shoot an arrow. The arrow hits the black bear.
The black bear is almost dead.
The hobgoblin hits you.
* * * LOW HITPOINT WARNING * * *
The black bear bites you but does no damage.
The black bear closely misses you. The black bear barely misses you.
Okay, then.
You aren't carrying any items that you can evoke.
Unknown command.
Shoot: a) +1 shortbow
Press: ? - help, Q - select action, (/) - cycle Shift-Dir - straight line, f/p - black bear
Aim: a black bear (almost dead, berserk, 72% to hit)
You shoot an arrow.
The arrow hits the black bear but does no damage.
The black bear is almost dead.
The black bear bites you.
* * * LOW HITPOINT WARNING * * *
The black bear claws you but does no damage.
The black bear closely misses you. The hobgoblin closely misses you.
The black bear bites you!
You die...
Your body crumbles into a pile of gold.

#...........##..#
#.).........##..#
#########"#.###..#
##.....###.#.#
#..#
##>$.....##...#
#..#
#.........#.### #.
#.........#..##
#.............###
$
#....@....###...##
#....gh...#
###..#####
#.........#
##......
#.....)...#
#####..
#.........# #..
#.........# #..
#.........# #..
##.......## ###


You could see a black bear (berserk) and a hobgoblin.

Vanquished Creatures
  A hound (D:3)
  A jelly (D:3)
  2 adders
  3 gnolls (D:3)
  4 worms
  4 dart slugs
  6 orcs (D:3)
  2 ball pythons (D:1)
  5 endoplasms
  3 giant cockroaches
  5 goblins
  7 hobgoblins
  6 jackals
  5 kobolds
  3 quokkas
  8 bats
  3 frilled lizards
  3 rats
71 creatures vanquished.

Notes
Turn   | Place    | Note
-------+----------+-------------------------------------------
     0 | D:1      | GordonOverkill the Deep Elf Hunter began the quest for the
                  | Orb.
     0 | D:1      | Reached XP level 1. HP: 12/12 MP: 3/3
   299 | D:1      | Reached XP level 2. HP: 16/16 MP: 4/4
   306 | D:1      | Reached skill level 6 in Bows
   605 | D:1      | Reached XP level 3. HP: 20/20 MP: 5/5
  1030 | D:2      | Reached skill level 7 in Bows
  1111 | D:2      | Found an opulent altar of Gozag.
  1117 | D:2      | Became a worshipper of Gozag Ym Sagoz the Greedy
  1238 | D:2      | Found a faded altar of an unknown god.
  1531 | D:2      | Reached XP level 4. HP: 25/25 MP: 6/6
  1904 | D:3      | Reached skill level 8 in Bows
  2196 | D:3      | Reached XP level 5. HP: 19/29 MP: 7/7
  2382 | D:3      | Reached skill level 9 in Bows
  2429 | D:3      | Noticed a black bear
  2440 | D:3      | Mangled by a black bear

Illustrated notes

Levels and vault maps discovered:
D:1:      dpeg_arrival_three_same_balls, layout_loops_ring, hex_tiny
D:2:      layout_loops_ring, hellmonk_ecumenical_altar_prayer_group, basic_altar
D:3:      cheibrodos_greedy_goblins, layout_rooms

Skill      XL: |  1  2  3  4  5 |
---------------+----------------+-----
Bows           | 6 7 8 9 |  9.1
Fighting       | |  1.5
Dodging        | |  2.4
Stealth        | |  1.2

Action                   |  1- 3 |  4- 6 || total
-------------------------+-------+-------++-------
 Fire: Shortbow          |   106 |    78 ||   184
  Use: Scroll            |     2 |       ||     2
Armor: Leather armour    |     3 |       ||     3
       Ring mail         |     5 |    13 ||    18
Dodge: Dodged            |    33 |    21 ||    54

Table legend: (Time is in decaauts)
 A = Elapsed time spent in this place.
 B = Non-inter-level travel time spent in this place.
 C = Inter-level travel time spent in this place.
 D = Time resting spent in this place.
 E = Time spent auto-exploring this place.
 F = Levels seen in this place.
 G = Mean time per level.
                   A        B        C        D        E       F      G
               +--------+--------+--------+--------+--------+-----+--------+
         Total |   2485 |   2418 |     67 |    590 |   1280 |   3 |  828.3 |
       Dungeon |   2485 |   2418 |     67 |    590 |   1280 |   3 |  828.3 |
               +--------+--------+--------+--------+--------+-----+--------+

Top non-repeatable levels by time:
     D:2: 960 daAuts
     D:1: 821 daAuts
     D:3: 704 daAuts
